 Dungeon Crawl Stone Soup version 0.18.1-47-g9310371 (webtiles) character file.

213 thrashmonkey the Digger (level 5, -6/28 HPs)
             Began as a Gargoyle Earth Elementalist on June 19, 2016.
             Mangled by an iguana (10 damage)
             ... on level 4 of the Dungeon.
             The game lasted 00:21:49 (4755 turns).

thrashmonkey the Digger (GrEE)                      Turns: 4755, Time: 00:21:49

Health: -6/28      AC:  9    Str: 12    XL:     5   Next: 90%
Magic:  0/11       EV: 12    Int: 16    God:
Gold:   202        SH:  0    Dex: 10    Spells: 3 memorised, 3 levels left

rFire  . . .     SeeInvis .     a - +0 club (curse)
rCold  . . .     Gourm    .     g - +0 robe
rNeg   + . .     Faith    .     (no shield)
rPois  ∞         Spirit   .     t - +2 hat
rElec  +         Dismiss  .     (no cloak)
rCorr  .         Reflect  .     o - +0 pair of gloves
SustAt .         Harm     .     (no boots)
MR     .....                    (no amulet)
Stlth  ++........               (no ring)
                                (no ring)

@: very slightly contaminated, not resistant to hostile enchantments, unstealthy
A: negative energy resistance 1, electricity resistance, unbreathing,
petrification resistance, rot immunity, AC +4
a: no special abilities


You were on level 4 of the Dungeon.
You were not hungry.

You visited 1 branch of the dungeon, and saw 4 of its levels.

You collected 202 gold pieces.

Inventory:

Hand Weapons
 a - a cursed +0 club (weapon)
 v - a +0 whip
Missiles
 b - 51 stones (quivered)
Armour
 g - a +0 robe (worn)
 o - a +0 pair of gloves (worn)
 t - a +2 hat (worn)
 w - a +0 buckler
Scrolls
 e - 2 scrolls of teleportation {unknown}
 f - 3 scrolls of identify {unknown}
 l - a scroll of enchant armour {unknown}
 n - 2 scrolls of recharging {unknown}
 r - 4 scrolls of remove curse {unknown}
 u - a scroll of amnesia {unknown}
 x - 2 scrolls of fog {unknown}
Potions
 i - 2 potions of curing {unknown}
 j - 2 potions of resistance {unknown}
 k - a potion of agility {unknown}
 m - a potion of haste {unknown}
 p - 2 potions of degeneration {unknown}
 s - 2 potions of lignification {unknown}
Books
 c - a book of Geomancy

   Spells                             Type                      Level
   a - Sandblast                      Earth                        1
   b - Passwall                       Transmutation/Earth          2
   c - Stone Arrow                    Conjuration/Earth            3
   d - Petrify                        Transmutation/Earth          4
   e - Lee's Rapid Deconstruction     Earth                        5
Comestibles
 d - a bread ration
 q - 2 meat rations


   Skills:
 - Level 1.5 Dodging
 - Level 2.1 Stealth
 * Level 4.2 Spellcasting
 + Level 2.3 Conjurations
   Level 0.7 Transmutations
 + Level 5.0 Earth Magic


You had 3 spell levels left.
You knew the following spells:

 Your Spells              Type           Power        Failure   Level  Hunger
a - Sandblast             Erth           ###...       1%          1    None
b - Stone Arrow           Conj/Erth      ###...       12%         3    ###....
c - Lee's Rapid Deconstr  Erth           ###.......   63%         5    ######.


Dungeon Overview and Level Annotations

Branches:
Dungeon (4/15)
 Temple: D:4-7

Altars:
Kikubaaqudgha
Sif Muna


Innate Abilities, Weirdness & Mutations

You are resistant to torment.
Your stone body is resilient (AC +4).
You are immune to poison.
You resist negative energy.
You are resistant to electric shocks.
You can survive without breathing.
You are immune to petrification.
You are immune to rotting.


Message History

You are very lightly contaminated with residual magic.
You momentarily stiffen.
The iguana bites you but does no damage.
Casting: Sandblast
Confirm with . or Enter, or press ? or * to list all spells.
Aiming: Sandblast
Press: ? - help, Shift-Dir - straight line, f/p - iguana
Aim: an iguana (almost dead)
The blast of sand hits the iguana.
The iguana is almost dead.
The iguana bites you!
You barely miss the iguana.
The iguana is almost dead.
The iguana closely misses you.
You hit the iguana but do no damage.
The iguana is almost dead.
The iguana bites you!
* * * LOW HITPOINT WARNING * * *
The iguana bites you!
You die...

.. .## #. ... #.##
....#..# ..).#..#
... .....# #....
#..### .... #.l@.#
... #..#..#
..####.####..♣♣.P♣
............♣ ..♣
#..###......♣ P♣
#..###....♣♣♣ ♣♣
#....#..♣♣♣♣♣≈≈
#....#..≈P≈≈≈≈.
#....#...≈.≈≈≈.


You could see an iguana.

Vanquished Creatures
  A scorpion (D:4)
  2 orc wizards
  3 adders
  A worm (D:2)
  4 dart slugs
  2 giant geckos (D:3)
  8 orcs
  2 giant cockroaches
  10 hobgoblins (D:2)
  3 jackals (D:2)
  A quokka (D:3)
  A ball python (D:2)
  6 bats
  A giant gecko skeleton (D:4)
  3 giant newts
  5 goblins
  8 kobolds
  5 rats
66 creatures vanquished.

Vanquished Creatures (others)
  A bush (D:3)
  4 toadstools (D:1)
5 creatures vanquished.

Grand Total: 71 creatures vanquished

Notes
Turn   | Place    | Note
--------------------------------------------------------------
     0 | D:1      | thrashmonkey the Gargoyle Earth Elementalist began the quest for the Orb.
     0 | D:1      | Reached XP level 1. HP: 10/10 MP: 3/3
   278 | D:1      | Reached XP level 2. HP: 12/15 MP: 0/5
  1019 | D:2      | Reached skill level 4 in Earth Magic
  1219 | D:2      | Reached XP level 3. HP: 16/19 MP: 0/7
  1284 | D:2      | Learned a level 3 spell: Stone Arrow
  2488 | D:3      | Reached XP level 4. HP: 24/24 MP: 4/8
  2558 | D:2      | Reached skill level 1 in Conjurations
  3173 | D:3      | Reached XP level 5. HP: 17/28 MP: 1/10
  3182 | D:3      | Learned a level 5 spell: Lee's Rapid Deconstruction
  3366 | D:3      | Found an ancient bone altar of Kikubaaqudgha.
  3366 | D:3      | Found a deep blue altar of Sif Muna.
  4524 | D:4      | Reached skill level 5 in Earth Magic
  4755 | D:4      | Mangled by an iguana

Skill      XL: |  1  2  3  4  5 |
---------------+----------------+-----
Earth Magic    | 4 5 |  5.0
Spellcasting   | 3 4 |  4.2
Conjurations   | 1 2 |  2.3
Dodging        | |  1.5
Stealth        | |  2.1
Transmutations | |  0.7

Action                   |  1- 3 |  4- 6 || total
-------------------------+-------+-------++-------
Melee: Club              |    43 |   143 ||   186
 Cast: Sandblast         |    70 |   110 ||   180
  Eat: Chunk             |     4 |     7 ||    11
       Beef jerky        |     1 |       ||     1
Armor: Robe              |    27 |    52 ||    79
Dodge: Dodged            |    43 |    52 ||    95
